Map: Heavy Artillery LE

Players

Massa

  • Race: Terran Terran
  • League: Platinum
  • Spawn Location: 7:00

qqq

  • Race: Zerg Zerg
  • Spawn Location: 7:00

ADMIN - Winner!

  • Race: Terran Terran
  • League: Diamond
  • Spawn Location: 3:00

Evolver - Winner!

  • Race: Terran Terran
  • League: Diamond
  • Spawn Location: 1:00

VOD

Have the link to the VOD?

Description

Time

  • Played on: March 28, 2021, 5:06 p.m.
  • Length: 10:21
Show
View Real Time Build Order
Export as new Build Order

Massa Terran 

Build Orders:  

Get SALT Encoding   

  12  0:00  SCV  
  13  0:12  SCV  
  14  0:23  Supply Depot  
  14  0:25  SCV  
  15  0:37  Refinery  
  15  0:45  SCV  
  15  0:46  Barracks  
  16  0:57  SCV  
  17  1:09  SCV  
  18  1:21  SCV  
  19  1:33  SCV  
  19  1:36  Reaper  
  21  1:44  Command Center  
  21  1:46  Orbital Command  
  21  2:06  Factory, Supply Depot  
  21  2:14  Barracks Reactor  
  21  2:15  SCV  
  22  2:28  SCV  
  21  3:04  Orbital Command  
  21  3:10  Marine x2  
  23  3:29  Marine x2  
  23  3:32  SCV x2  
  27  3:38  Engineering Bay  
  27  3:44  SCV x2  
  27  3:46  Refinery  
  29  3:49  Command Center  
  29  3:51  Supply Depot  
  29  3:56  SCV x2  
  29  4:02  Starport  
  31  4:08  SCV x2, Barracks Tech Lab  
  33  4:16  Terran Infantry Weapons Level 1  
  33  4:18  Missile Turret  
  33  4:20  SCV x2  
  35  4:32  SCV  
  36  4:57  SCV  
  36  4:58  SCV, Starport Tech Lab  
  37  5:02  Hellion x2  
  37  5:03  Marauder  
  43  5:09  SCV  
  43  5:11  Barracks  
  43  5:14  Barracks x2  
  44  5:15  Barracks  
  44  5:18  Missile Turret  
  44  5:19  Missile Turret  
  45  5:21  SCV  
  45  5:23  Hellion x2  
  45  5:24  Marauder  
  51  5:45  Widow Mine  
  51  5:49  Raven  
  57  5:59  Barracks Tech Lab  
  53  6:20  Corvid Reactor  
  53  6:28  Factory Tech Lab  
  53  6:30  Planetary Fortress  
  53  6:37  Marine x2  
  53  6:40  Barracks Tech Lab  
  53  6:43  Terran Infantry Armor Level 1, Supply Depot  
  53  6:44  Barracks Tech Lab, Supply Depot  
  53  6:45  Marauder, Supply Depot x2  
  53  6:46  Supply Depot  
  55  6:55  Refinery, Marine  
  55  6:56  Refinery  
  56  7:01  Siege Tank  
  56  7:06  SCV, Marauder  
  53  7:18  SCV  
  52  7:27  Stimpack  
  52  7:28  Marauder  
  52  7:29  Barracks Tech Lab  
  54  7:30  SCV  
  55  7:43  SCV  
  50  7:55  SCV  
  50  7:57  Marauder x3, Marine  
  50  7:58  Marauder  
  50  8:05  SCV  
  50  8:06  SCV  
  50  8:07  SCV  
  51  8:16  Marine  
  51  8:18  SCV x2, Marine x2  
  51  8:19  SCV, Marauder x2  
  61  8:20  Siege Tank  
  60  8:31  SCV  
  59  8:34  Marine  
  59  8:35  Raven  
  59  8:36  Marine x2  
  59  8:39  Marine  
  59  8:40  Marauder  
  65  8:42  SCV x2  
  65  8:43  SCV  
  68  8:52  Marine  
  68  8:53  Siege Tank  
  68  8:54  SCV x2, Marine x2  
  68  8:55  SCV  
  77  8:57  Marine  
  78  9:04  Missile Turret  
  78  9:06  SCV x2  
  78  9:07  SCV  
  81  9:18  SCV x2  
  81  9:19  SCV  
  84  9:27  Armory  
  84  9:30  SCV  
  85  9:31  Marauder  
  85  9:32  Marauder x3, Marine  
  85  9:35  Concussive Shells  
  79  9:50  Marine  
  69  9:52  Marine  
  69  9:53  Marauder x3  
Show
View Real Time Build Order
Export as new Build Order

qqq Zerg 

Build Orders: Hatch First 

Get SALT Encoding   

  12  0:00  Drone  
  13  0:08  Drone  
  14  0:18  Overlord  
  14  0:50  Hatchery  
  13  1:06  Drone x2  
  13  1:07  Drone  
  16  1:22  Extractor  
  16  1:23  Drone  
  17  1:30  Extractor, Spawning Pool  
  15  1:34  Drone  
  16  1:45  Drone  
  17  1:59  Drone  
  18  2:14  Drone x2  
  19  2:16  Drone x2  
  19  2:18  Queen x2  
  19  2:22  Overlord  
  25  2:27  Drone  
  26  2:46  Metabolic Boost  
  26  2:52  Drone  
  26  2:53  Zergling x2  
  26  2:58  Hatchery  
  25  3:06  Drone x2  
  25  3:07  Zergling x4  
  25  3:10  Drone  
  30  3:19  Drone  
  31  3:25  Drone  
  31  3:26  Roach Warren  
  31  3:34  Lair  
  31  3:36  Drone  
  31  3:40  Drone  
  33  3:42  Drone  
  33  3:44  Drone  
  35  3:49  Overlord  
  35  3:55  Drone  
  36  3:56  Overlord  
  36  4:03  Evolution Chamber  
  36  4:07  Extractor  
  36  4:09  Drone x3  
  37  4:12  Drone  
  37  4:13  Drone  
  37  4:15  Drone  
  40  4:21  Queen  
  42  4:34  Roach x4  
  42  4:36  Roach  
  49  4:55  Drone x2  
  49  4:56  Drone  
  49  4:57  Drone x2, Overlord  
  49  4:58  Drone x2  
  56  5:03  Extractor  
  55  5:10  Spore Crawler x2  
  55  5:13  Drone x3  
  55  5:14  Drone, Spore Crawler  
  56  5:26  Drone x2  
  56  5:28  Spire, Overlord x2  
  57  5:45  Spore Crawler x2  
  54  6:00  Roach x3  
  54  6:01  Roach x7  
  68  6:11  Roach x3  
  68  6:15  Roach  
  67  6:30  Extractor  
  62  6:42  Mutalisk  
  62  6:44  Mutalisk, Infestation Pit  
  62  6:45  Overlord x3  
  65  6:51  Extractor  
  64  7:05  Drone x2  
  64  7:06  Drone x6  
  64  7:07  Overlord  
  64  7:08  Drone  
  73  7:27  Mutalisk x2  
  77  7:32  Drone x3  
  77  7:33  Drone  
  67  8:01  Roach x3  
  67  8:02  Zergling x2, Roach x4  
  72  8:07  Zergling x2  
  65  8:18  Roach  
  67  8:23  Corruptor  
  51  8:49  Zergling x4  
  51  8:50  Zergling x8  
  55  9:00  Drone  
  56  9:07  Hive  
  56  9:11  Drone  
  56  9:12  Drone  
  56  9:13  Hatchery  
  56  9:15  Drone  
  58  9:17  Roach  
  58  9:20  Evolution Chamber  
  59  9:25  Roach  
  61  9:34  Roach  
  61  9:35  Roach x3  
  61  9:38  Hatchery  
  68  9:51  Mutalisk, Corruptor  
Show
View Real Time Build Order
Export as new Build Order

ADMIN Terran - Winner!

Build Orders: 2 Factory, Gas First Reaper Expand, Mech 

Get SALT Encoding   

  12  0:01  SCV  
  13  0:13  SCV  
  14  0:19  Supply Depot  
  14  0:25  SCV  
  14  0:27  Refinery  
  15  0:40  SCV  
  16  0:45  Barracks  
  16  0:52  SCV  
  17  1:04  SCV  
  18  1:16  SCV  
  19  1:32  Orbital Command  
  19  1:34  Reaper  
  20  1:43  Command Center  
  20  1:59  SCV, Supply Depot  
  21  2:05  Factory  
  21  2:14  SCV  
  22  2:17  Barracks Reactor  
  22  2:18  Refinery  
  22  2:26  SCV  
  23  2:38  SCV  
  24  2:50  SCV  
  25  3:05  Starport  
  24  3:07  Orbital Command, Barracks Tech Lab  
  24  3:08  Hellion  
  24  3:09  Hellion  
  24  3:10  Factory  
  28  3:13  SCV  
  29  3:29  Orbital Command  
  29  3:30  Hellion x2  
  33  3:36  SCV  
  34  3:46  Supply Depot  
  34  3:48  Medivac  
  34  3:52  Armory  
  36  4:03  SCV x2  
  36  4:07  Hellion x2  
  36  4:08  Hellion, Infernal Pre-Igniter  
  44  4:15  SCV  
  45  4:18  Supply Depot  
  45  4:25  Medivac  
  45  4:45  SCV  
  45  4:46  SCV  
  45  4:49  Hellion x3  
  52  4:59  SCV, Starport Reactor  
  54  5:00  SCV  
  54  5:04  Hellion  
  54  5:10  Hellion  
  54  5:11  SCV, Hellion x2  
  54  5:12  SCV  
  62  5:35  Command Center  
  62  5:36  Refinery x2  
  62  5:39  Factory  
  62  5:42  Factory  
  62  5:58  SCV x2  
  58  6:10  SCV  
  49  6:15  Siege Tank  
  49  6:16  Hellion x2, Viking x2  
  49  6:17  SCV  
  59  6:22  SCV  
  58  6:29  SCV  
  58  6:31  Marine  
  58  6:35  SCV  
  58  6:39  Factory Tech Lab, Hellion  
  61  6:40  Factory Reactor  
  61  6:42  SCV  
  61  6:46  Hellion  
  65  6:47  SCV  
  65  6:48  Orbital Command  
  68  6:54  Viking x2, Siege Tank  
  68  6:56  SCV  
  73  7:01  Supply Depot  
  73  7:04  Terran Vehicle Weapons Level 1  
  73  7:06  Siege Tank  
  76  7:16  Engineering Bay  
  76  7:23  Widow Mine x2, Hellion x2  
  84  7:34  Orbital Command  
  84  7:44  Widow Mine  
  84  7:56  Viking x2  
  84  7:58  Widow Mine  
  82  8:07  Hellion  
  82  8:11  Hellion x2  
  82  8:17  Missile Turret  
  82  8:19  Missile Turret  
  80  8:24  SCV x2  
  80  8:25  Hellion  
  84  8:34  Missile Turret  
  84  8:57  SCV  
  85  9:08  Command Center  
  85  9:12  Missile Turret  
  85  9:13  Supply Depot  
  85  9:14  Supply Depot  
  85  9:16  Refinery, Supply Depot  
  85  9:17  Refinery, Supply Depot  
  85  9:34  SCV x2  
  85  9:35  Hellion x3, Thor  
  85  9:36  Hellion  
  85  9:37  Thor  
  87  9:56  Hellion x3  
  87  9:57  Hellion  
  87  10:06  SCV x3  
  90  10:13  Armory  
Show
View Real Time Build Order
Export as new Build Order

Evolver Terran - Winner!

Build Orders: Reaper Expand 

Get SALT Encoding   

  12  0:00  SCV  
  13  0:12  SCV  
  14  0:19  Supply Depot  
  14  0:24  SCV  
  15  0:41  SCV  
  15  0:42  Refinery  
  16  0:44  Barracks  
  16  0:53  SCV  
  17  1:05  SCV  
  18  1:17  SCV  
  19  1:33  Reaper  
  19  1:34  Orbital Command  
  20  1:52  Command Center  
  19  2:00  SCV  
  20  2:03  Factory  
  20  2:07  Refinery  
  20  2:16  SCV  
  20  2:22  Supply Depot  
  21  2:24  Barracks Reactor  
  21  2:28  SCV  
  22  2:42  SCV  
  23  2:51  Starport, Factory Tech Lab  
  23  2:54  SCV  
  24  3:03  Marine x2  
  26  3:06  Orbital Command  
  26  3:07  SCV  
  27  3:21  Marine x2  
  27  3:22  Siege Tank  
  27  3:24  SCV  
  33  3:29  Supply Depot  
  33  3:31  Medivac  
  35  3:35  SCV  
  35  3:36  SCV  
  35  3:39  Marine  
  38  3:41  Marine  
  39  3:50  SCV x2  
  41  3:56  Siege Tank  
  41  3:59  Marine x2  
  46  4:04  Refinery, SCV x2  
  48  4:14  Medivac  
  48  4:15  Supply Depot  
  48  4:16  SCV  
  48  4:17  SCV  
  52  4:28  SCV  
  52  4:29  SCV  
  54  4:36  Marine x2  
  56  4:43  SCV x2  
  58  4:56  Command Center  
  58  5:00  Marine x2  
  58  5:01  Medivac  
  58  5:06  Supply Depot  
  62  5:07  SCV x2, Siege Tank  
  67  5:20  SCV x2  
  69  5:24  Marine  
  69  5:27  Marine  
  71  5:29  Engineering Bay  
  71  5:31  Engineering Bay  
  71  5:32  Barracks  
  71  5:34  Barracks  
  71  5:35  SCV x2, Barracks  
  73  6:05  Marine x2, Siege Tank  
  73  6:06  Starport Tech Lab  
  73  6:08  Terran Infantry Armor Level 1, Terran Infantry Weapons Level 1  
  73  6:11  Armory  
  78  6:12  SCV  
  78  6:13  SCV, Supply Depot x2  
  78  6:14  Orbital Command  
  78  6:15  Refinery, Supply Depot  
  80  6:41  Barracks Reactor  
  80  6:42  Barracks Reactor  
  80  6:43  Marine x2  
  80  6:44  Siege Tank  
  85  6:57  SCV x3, Barracks  
  88  7:03  Armory  
  88  7:04  Supply Depot x2  
  87  7:09  SCV x2  
  87  7:10  SCV  
  89  7:16  Siege Tank  
  89  7:19  Missile Turret  
  89  7:21  SCV  
  89  7:22  Missile Turret  
  93  7:27  Marine x7, Combat Shield  
  93  7:28  Starport Reactor  
  100  7:32  SCV x2  
  100  7:33  SCV  
  100  7:35  Refinery  
  100  7:36  Refinery, Command Center  
  102  7:44  SCV  
  86  8:10  Marine x6  
  86  8:11  Marine x2  
  86  8:12  Medivac x2, Siege Tank  
  101  8:20  SCV x3  
  104  8:27  Marine  
  104  8:28  Marine x2  
  104  8:32  SCV x3  
  103  8:44  SCV, Siege Tank  
  104  8:55  Marine x8  
  107  9:02  SCV x3  
  115  9:12  Marine  
  115  9:13  Marine x2  
  115  9:14  SCV x2  
  115  9:16  Marine  
  121  9:17  Marine x4  
  121  9:18  Missile Turret, Siege Tank  
  121  9:20  Missile Turret  
  121  9:21  Sensor Tower, Missile Turret  
  128  9:27  SCV x3  
  128  9:30  Refinery, Marine  
  128  9:31  Marine x2  
  134  9:33  Refinery  
  134  9:34  Marine  
  134  9:35  Marine  
  136  9:39  SCV x3  
Tags
 
Add a new tag
Caveats
  • Supply blocks, unpowered buildings, or Contaminate may cause inaccurate times.
  • Supply counts are checked every 10 seconds.